Map: [ESL] Inside and Out

Players

Lambo

  • Race: Zerg Zerg
  • League: Grandmaster
  • Spawn Location: 1:00

maru - Winner!

  • Race: Terran Terran
  • League: Diamond
  • Spawn Location: 7:00

Event: TSL 9

VOD

Have the link to the VOD?

Description

Time

  • Played on: Sept. 3, 2022, 10:48 a.m.
  • Length: 14:46

All games in this series

Show
View Real Time Build Order
Export as new Build Order

Lambo Zerg 

Build Orders: Hatch First 

Get SALT Encoding   

  12  0:00  Drone  
  13  0:12  Overlord  
  13  0:17  Drone  
  14  0:31  Drone x2  
  16  0:48  Hatchery  
  15  0:51  Drone  
  15  0:54  Drone  
  17  0:57  Drone  
  18  1:08  Extractor  
  17  1:13  Spawning Pool  
  17  1:16  Drone  
  17  1:19  Drone  
  18  1:27  Drone  
  19  1:38  Drone  
  20  1:49  Drone  
  21  2:00  Queen  
  21  2:01  Zergling x4, Queen  
  27  2:11  Drone  
  28  2:17  Hatchery  
  28  2:20  Drone  
  28  2:28  Roach Warren  
  28  2:29  Drone  
  28  2:38  Spore Crawler  
  28  2:47  Overlord  
  28  2:48  Overlord  
  28  3:08  Roach x5  
  38  3:15  Roach x3  
  44  3:25  Overlord  
  44  3:31  Drone x2  
  44  3:32  Drone  
  47  3:35  Drone x2  
  47  3:40  Drone  
  50  3:44  Ravager  
  50  3:47  Drone x2  
  53  3:50  Drone  
  53  3:52  Drone  
  53  3:54  Evolution Chamber  
  54  3:58  Drone x2  
  54  4:00  Drone  
  56  4:05  Drone x2  
  58  4:18  Drone x2  
  58  4:20  Overlord  
  58  4:23  Overlord  
  58  4:26  Metabolic Boost, Overlord  
  58  4:30  Overlord  
  58  4:35  Overlord  
  58  4:39  Drone x5  
  58  4:42  Drone  
  58  4:44  Drone  
  65  4:47  Queen, Drone  
  65  4:49  Drone  
  69  4:53  Drone x2  
  69  4:55  Drone, Extractor  
  69  4:56  Drone  
  69  4:57  Drone  
  73  5:00  Drone x2  
  73  5:03  Overlord  
  73  5:05  Drone  
  76  5:08  Drone  
  77  5:14  Drone  
  77  5:15  Drone  
  77  5:16  Drone  
  77  5:17  Queen  
  77  5:20  Drone  
  83  5:24  Drone x2  
  83  5:27  Drone x2  
  87  5:29  Lair  
  87  5:30  Drone  
  87  5:31  Drone  
  87  5:32  Extractor  
  87  5:33  Extractor  
  87  5:34  Drone x3  
  90  5:37  Overlord  
  90  5:41  Evolution Chamber  
  90  5:42  Drone  
  90  5:43  Extractor, Evolution Chamber  
  90  5:44  Extractor  
  90  5:45  Drone  
  90  5:50  Drone x2  
  90  5:55  Queen  
  90  5:56  Drone  
  90  5:57  Drone x2  
  95  6:02  Drone  
  96  6:05  Drone  
  96  6:06  Overlord  
  97  6:12  Overlord  
  97  6:16  Queen, Overlord  
  97  6:17  Hatchery, Overlord  
  98  6:22  Overlord x2  
  98  6:24  Zerg Ground Armor Level 1, Zerg Missile Weapons Level 1  
  98  6:26  Overlord  
  98  6:27  Baneling Nest, Roach x2  
  98  6:30  Roach x2  
  98  6:32  Glial Reconstitution  
  105  6:34  Roach  
  105  6:38  Roach  
  105  6:39  Roach  
  111  6:44  Roach x4  
  119  6:48  Roach x2  
  123  6:55  Roach  
  123  6:56  Roach x4  
  133  7:02  Drone  
  133  7:05  Ravager x2  
  133  7:07  Drone x4  
  133  7:08  Drone  
  141  7:12  Roach  
  141  7:13  Roach x2  
  147  7:16  Drone  
  147  7:19  Overlord  
  147  7:23  Drone  
  147  7:24  Centrifugal Hooks  
  147  7:26  Queen  
  147  7:28  Infestation Pit  
  149  7:33  Drone x4, Roach x3  
  159  7:38  Overlord  
  159  7:42  Drone  
  160  7:44  Overlord  
  160  7:46  Overlord  
  160  7:48  Overlord  
  160  7:50  Overlord  
  159  7:54  Overlord  
  159  7:55  Zergling x8  
  159  7:56  Ravager x2  
  165  7:58  Zergling x2  
  165  7:59  Zergling x4  
  165  8:03  Overseer  
  168  8:11  Roach x9  
  162  8:14  Hatchery, Roach x2  
  162  8:17  Drone x3  
  160  8:20  Ravager x2  
  160  8:25  Drone x3  
  160  8:27  Zerg Melee Weapons Level 1  
  165  8:32  Zerg Ground Armor Level 2  
  165  8:34  Drone x3  
  165  8:35  Queen  
  165  8:38  Zergling x8  
  174  8:45  Spore Crawler  
  174  8:47  Zergling x6  
  174  8:48  Zergling x8  
  180  8:49  Baneling x9  
  180  8:52  Ravager  
  180  8:53  Zergling x8  
  185  8:59  Spawning Pool  
  185  9:00  Zergling x4  
  183  9:04  Lair  
  183  9:17  Zergling x22  
  183  9:21  Zergling x4  
  183  9:24  Zergling x2  
  191  9:30  Zergling x4  
  189  9:35  Zergling x6  
  189  9:39  Spore Crawler  
  189  9:40  Zergling x8  
  189  9:44  Baneling x10  
  190  9:46  Zergling x10  
  190  9:47  Baneling x10  
  190  9:48  Queen x2  
  195  9:55  Zergling x8  
  199  10:03  Hive  
  199  10:05  Hatchery  
  198  10:08  Overlord  
  197  10:15  Overlord  
  197  10:21  Zergling x4  
  197  10:23  Overlord  
  197  10:26  Baneling x10  
  197  10:27  Overlord  
  198  10:30  Zergling x2  
  193  10:38  Zergling x22  
  193  10:42  Zergling x2  
  167  10:53  Zergling x12  
  167  10:56  Roach x5  
  169  10:59  Roach  
  170  11:04  Roach x3  
  170  11:08  Baneling  
  170  11:09  Baneling x13  
  176  11:11  Roach  
  176  11:12  Roach x3, Extractor  
  172  11:19  Roach x6  
  172  11:21  Zergling x8  
  185  11:27  Drone  
  185  11:32  Zergling x8  
  184  11:36  Zergling x2  
  184  11:38  Adrenal Glands  
  184  11:39  Zergling x4, Queen  
  183  11:45  Zergling x12  
  183  11:46  Zergling x4  
  191  11:48  Zergling x2  
  191  11:49  Zergling x4  
  191  11:52  Ravager  
  191  11:53  Baneling x9  
  192  11:55  Zergling x6  
  192  11:59  Zerg Melee Weapons Level 2  
  187  12:02  Zergling x4  
  187  12:05  Zergling x4  
  187  12:09  Baneling x3  
  187  12:12  Zergling x14  
  187  12:15  Zergling x10  
  199  12:22  Hatchery  
  198  12:23  Overlord  
  198  12:25  Baneling  
  198  12:29  Overlord  
  199  12:30  Zergling x2, Overlord  
  199  12:32  Overlord  
  199  12:34  Baneling x12  
  199  12:36  Zergling x6  
  199  12:41  Zergling x14  
  199  12:48  Zergling x10  
  197  12:58  Zergling x10  
  189  12:59  Hatchery  
  188  13:07  Zergling x10  
  188  13:10  Zergling x2  
  182  13:17  Zergling x2, Hatchery  
  165  13:22  Zergling x2  
  165  13:23  Zergling x4, Queen x2  
  165  13:26  Ultralisk Cavern  
  149  13:29  Zergling x2  
  149  13:31  Zergling x2  
  149  13:33  Zergling x2  
  129  13:45  Zergling x6  
  129  13:49  Zergling x6  
  129  13:54  Roach x3  
  129  13:55  Baneling x13  
  138  14:00  Baneling  
  138  14:01  Zergling x2, Baneling x2  
  139  14:04  Baneling x6, Hatchery  
  139  14:08  Zergling x4  
  139  14:12  Zergling x4  
  143  14:19  Zergling x2  
  143  14:23  Zergling x6  
  147  14:28  Zergling x10  
Show
View Real Time Build Order
Export as new Build Order

maru Terran - Winner!

Build Orders: Reaper Expand 

Get SALT Encoding   

  12  0:00  SCV  
  13  0:12  SCV  
  14  0:17  Supply Depot  
  14  0:24  SCV  
  15  0:38  SCV  
  15  0:40  Barracks  
  15  0:42  Refinery  
  16  0:51  SCV  
  17  1:03  SCV  
  18  1:15  SCV  
  19  1:27  Reaper, Orbital Command  
  20  1:38  Command Center  
  20  1:51  Supply Depot  
  20  1:52  SCV  
  21  1:59  Marine  
  22  2:04  SCV  
  22  2:07  Factory  
  23  2:17  SCV  
  23  2:20  Barracks Reactor  
  24  2:29  SCV  
  25  2:41  SCV, Command Center  
  26  2:53  SCV  
  26  2:56  Starport  
  27  3:02  Refinery  
  27  3:05  Hellion x2, SCV  
  32  3:12  Orbital Command  
  32  3:13  Marine  
  33  3:22  Bunker  
  33  3:25  SCV  
  34  3:36  Viking  
  34  3:37  SCV, Factory Tech Lab, Marine  
  34  3:38  Marine  
  39  3:43  SCV  
  40  3:49  SCV  
  40  3:55  SCV, Marine x2  
  42  3:58  SCV  
  42  4:01  SCV, Siege Tank  
  47  4:07  SCV  
  45  4:12  Orbital Command  
  45  4:16  SCV  
  45  4:19  SCV  
  44  4:27  Starport Tech Lab  
  44  4:28  SCV  
  45  4:31  SCV  
  46  4:39  Hellion, Stimpack, Marine  
  46  4:40  Hellion, SCV  
  46  4:43  SCV  
  46  4:44  SCV  
  54  4:49  Supply Depot  
  54  4:53  SCV  
  54  4:55  SCV, Raven  
  54  4:59  Marine  
  59  5:05  Barracks  
  59  5:06  SCV  
  60  5:07  Barracks  
  60  5:08  Engineering Bay  
  60  5:09  Engineering Bay  
  60  5:12  Supply Depot, Factory Reactor  
  60  5:13  SCV  
  61  5:14  Orbital Command  
  61  5:18  SCV, Refinery  
  61  5:19  Marine  
  63  5:25  SCV  
  64  5:30  SCV  
  64  5:31  Barracks  
  64  5:32  Barracks  
  65  5:36  Supply Depot  
  65  5:37  SCV  
  65  5:40  Terran Infantry Weapons Level 1  
  65  5:41  SCV  
  65  5:42  SCV  
  68  5:43  Marine  
  68  5:44  Refinery  
  68  5:47  Starport Reactor  
  68  5:49  Terran Infantry Armor Level 1  
  69  5:53  SCV x2  
  69  5:54  SCV  
  69  5:56  Supply Depot  
  72  6:01  Marine x3  
  75  6:05  Supply Depot, SCV  
  75  6:06  SCV  
  75  6:07  SCV  
  75  6:08  Supply Depot  
  75  6:09  Siege Tank  
  81  6:11  Marine  
  81  6:12  Marine  
  81  6:18  SCV x2, Marine  
  85  6:19  Marine  
  85  6:21  Barracks Reactor x2  
  85  6:22  SCV  
  85  6:23  Supply Depot  
  88  6:28  Supply Depot  
  88  6:30  Supply Depot, SCV  
  88  6:31  SCV  
  90  6:34  SCV, Medivac x2  
  90  6:35  Marine x3  
  98  6:42  SCV  
  98  6:43  SCV  
  98  6:44  Siege Tank  
  98  6:45  Marine x2  
  98  6:46  SCV  
  106  6:49  Supply Depot  
  106  6:52  Combat Shield  
  106  6:53  Marine  
  108  6:54  SCV, Marine x2  
  108  6:57  SCV  
  111  7:03  Marine x5  
  111  7:04  Marine  
  111  7:07  Medivac  
  119  7:10  SCV x3, Marine  
  119  7:13  Refinery x2, Medivac  
  125  7:16  Marine  
  125  7:17  Supply Depot, Marine  
  125  7:18  Supply Depot  
  125  7:21  Marine x2  
  129  7:24  Armory, Marine x3  
  129  7:26  SCV x2  
  129  7:27  SCV  
  135  7:32  Siege Tank, Marine x2  
  135  7:34  Marine  
  141  7:38  SCV  
  141  7:39  Marine x3  
  141  7:42  SCV x2  
  145  7:47  Medivac  
  145  7:50  SCV  
  148  7:53  Command Center  
  148  7:56  Supply Depot  
  148  7:57  Marine x7  
  134  8:13  Terran Infantry Armor Level 2, Terran Infantry Weapons Level 2  
  134  8:16  Marine x4  
  134  8:19  Medivac x2  
  139  8:25  Marine x5  
  144  8:27  Factory  
  144  8:32  Terran Vehicle Weapons Level 1  
  144  8:33  SCV x2  
  144  8:34  Marine x2  
  146  8:36  Marine x2  
  146  8:38  Barracks x2  
  146  8:39  Barracks  
  150  8:43  Sensor Tower  
  150  8:44  Siege Tank  
  153  8:49  Marine x5  
  153  8:52  Marine  
  153  8:54  Medivac x2  
  163  9:04  Marine x3  
  163  9:07  Marine x2  
  166  9:12  Factory Tech Lab  
  166  9:13  SCV  
  166  9:14  SCV x2  
  166  9:16  Siege Tank  
  172  9:22  Ghost Academy  
  172  9:23  Marine x2  
  173  9:24  Marauder, Marine x2  
  173  9:27  Supply Depot  
  175  9:42  Barracks Tech Lab x3  
  175  9:45  Marauder  
  177  9:48  Supply Depot  
  177  9:49  Siege Tank x2  
  178  9:54  Planetary Fortress  
  177  10:04  Ghost x2  
  177  10:05  Ghost  
  177  10:07  Marauder  
  185  10:08  Marine x3  
  185  10:09  Marine x2  
  186  10:19  Command Center  
  186  10:21  Personal Cloaking, Siege Tank  
  189  10:22  Marine x3  
  189  10:28  Marauder  
  194  10:33  Ghost  
  191  10:40  Ghost  
  175  10:43  Refinery  
  175  10:44  Refinery  
  172  10:52  Marine  
  172  10:53  Marine x6  
  172  10:55  SCV  
  172  10:56  Terran Infantry Weapons Level 3  
  175  10:57  Marauder x2, Marine  
  175  11:00  Concussive Shells  
  175  11:02  Marauder  
  178  11:07  Command Center  
  178  11:09  Marine  
  178  11:10  Marine  
  178  11:11  Marine x6  
  184  11:15  Marine  
  184  11:18  Marine, Ghost  
  184  11:22  Ghost  
  186  11:26  Siege Tank  
  186  11:27  Marine  
  186  11:28  Marine  
  187  11:36  Terran Vehicle Weapons Level 2  
  187  11:39  Marine, Ghost  
  186  11:40  Marine x6  
  186  11:44  Ghost  
  193  11:47  Marine  
  193  11:52  Ghost  
  193  11:53  Ghost  
  198  11:56  Orbital Command  
  198  11:59  Command Center  
  190  12:06  Enhanced Shockwaves  
  190  12:07  Ghost  
  189  12:10  Siege Tank  
  189  12:20  Marine x4  
  192  12:24  Orbital Command  
  192  12:25  Command Center  
  192  12:28  Command Center  
  192  12:36  Ghost  
  192  12:40  Ghost x2  
  196  12:47  Ghost  
  191  12:56  Marine  
  191  12:57  Marine  
  170  12:58  Marine x3  
  170  13:05  Ghost  
  172  13:09  Ghost x2  
  165  13:15  Marine x4, Ghost  
  145  13:25  SCV x5  
  142  13:33  Ghost  
  140  13:34  Siege Tank  
  140  13:35  Siege Tank  
  140  13:37  SCV x4  
  140  13:38  SCV, Marauder x2  
  141  13:47  Orbital Command  
  141  13:49  SCV x3, Planetary Fortress  
  141  13:50  SCV  
  141  13:52  Marine x6  
  141  13:54  SCV  
  152  14:01  SCV  
  153  14:06  Marine x2  
  155  14:10  Siege Tank  
  155  14:12  SCV x4  
  155  14:13  SCV  
  161  14:19  Marine x4  
  161  14:20  Marauder x3  
  171  14:24  Marauder, Marine  
  171  14:26  SCV x4  
  171  14:27  SCV x3  
  181  14:37  Sensor Tower  
Tags
 
Add a new tag
Caveats
  • Supply blocks, unpowered buildings, or Contaminate may cause inaccurate times.
  • Supply counts are checked every 10 seconds.